 Dungeon Crawl Stone Soup version 0.29.1-1-gd02db6906a (webtiles) character file.

Game seed: 3813621937080076598

540 Grohoret the Cudgeller (level 7, -8/60 HPs)
             Began as a Meteoran Fighter on Sept 28, 2022.
             Was an Initiate of the Shining One.
             Mangled by a black bear (11 damage)
             ... on level 5 of the Dungeon.
             The game lasted 00:06:37 (2707 turns).

Grohoret the Cudgeller (Meteoran Fighter)           Turns: 2707, Time: 00:06:38

Health: -8/60      AC:  7    Str: 19    XL:     7   Next: 81%
Magic:  8/8        EV: 10    Int:  9    God:    the Shining One [......]
Gold:   206        SH: 10    Dex: 15    Spells: 6/6 levels left

rFire   . . .      SeeInvis .   a - +0 flail
rCold   . . .      Faith    .   c - +0 buckler
rNeg    . . .      Spirit   .   b - +0 scale mail
rPois   .          Reflect  +   (no helmet)
rElec   .          Harm     .   (no cloak)
rCorr   .          Rampage  .   (no gloves)
Will    .....                   (no boots)
Stlth   ..........              g - amulet of reflection
HPRegen 0.20/turn               (no ring)
MPRegen 0.11/turn               (no ring)

@: mighty, glowing
A: sense surroundings 1, otherworldly, glowing, explore regen
a: Renounce Religion


You were on level 5 of the Dungeon.
You worshipped the Shining One.
The Shining One was noncommittal.
You visited 2 branches of the dungeon, and saw 6 of its levels.

You collected 206 gold pieces.

Inventory:

Hand Weapons
 a - a +0 flail (weapon)
Armour
 b - a +0 scale mail (worn)
 c - a +0 buckler (worn)
Jewellery
 g - an amulet of reflection (around neck)
 k - a ring of ice
 n - a ring of positive energy
Wands
 p - a wand of paralysis (15)
 x - a wand of iceblast (6)
Scrolls
 e - 2 scrolls of fog {unknown}
 f - a scroll of amnesia {unknown}
 j - a scroll of brand weapon {unknown}
 l - 3 scrolls of poison {unknown}
 m - 3 scrolls of noise {unknown}
 q - 2 scrolls of teleportation {unknown}
 r - a scroll of immolation {unknown}
 s - a scroll of blinking {unknown}
 t - a scroll of vulnerability {unknown}
 u - a scroll of fear {unknown}
 v - a scroll of enchant armour {unknown}
 w - a scroll of magic mapping {unknown}
 y - a scroll of enchant weapon {unknown}
Potions
 d - a potion of might
 h - a potion of lignification {unknown}
 i - 2 potions of ambrosia {unknown}
 o - a potion of mutation {unknown}


   Skills:
 - Level 4.8 Fighting
 * Level 6.3 Maces & Flails
 + Level 5.5 Armour
 - Level 1.7 Dodging
 - Level 0.1 Stealth
 + Level 5.1 Shields
 + Level 0.0 Invocations


You had 6 spell levels left.
You didn't know any spells.
Your spell library contained the following spells:

 Spells                   Type           Power      Damage    Failure   Level
 Confusing Touch          Hex            0%         N/A       99%         3
 Conjure Flame            Conj/Fire      0%         6-21      99%         3
 Ignite Poison            Fire/Tmut/Pois 0%         N/A       99%         3
 Sticky Flame             Conj/Fire      0%         2d3       100%        4
 Yara's Violent Unravell  Hex/Tmut       0%         3d3       100%        5
 Enfeeble                 Hex            0%         N/A       100%        7


Dungeon Overview and Level Annotations

Branches:
Dungeon (5/15) Zot: 482    Temple (1/1) D:4 Zot: 555

Altars:
Cheibriados
Dithmenos
Elyvilon
Fedhas
Gozag
Hepliaklqana
Makhleb
Okawaru
Trog
Uskayaw
Vehumet
Wu Jian
Xom
Yredelemnul
Zin
The Shining One

Shops:
D:3 *


Innate Abilities, Weirdness & Mutations

You passively map a small area around you.
You are easily found by Zot.
You glow in the dark.
You regain HP and MP as you explore.


Message History

The black bear is almost dead.
You block the black bear's attack.
The black bear claws you but does no damage.
You block the black bear's attack. The black bear bites you!
The black bear claws you. The black bear barely misses you.
You are too injured to fight recklessly!
You are too injured to fight recklessly!
You are too injured to fight recklessly!
You are too injured to fight recklessly!
You are too injured to fight recklessly!
You barely miss the black bear.
The black bear is almost dead.
The black bear bites you! The black bear barely misses you. x2
You hit the black bear but do no damage.
The black bear is almost dead.
The black bear closely misses you.
The black bear claws you but does no damage. x2
The black bear bites you.
* * * LOW HITPOINT WARNING * * *
You block the black bear's attack. x2
You barely miss the black bear.
The black bear is almost dead.
The black bear closely misses you.
The black bear claws you but does no damage.
The black bear misses you. x2
The black bear claws you but does no damage.
The black bear completely misses you.
You barely miss the black bear.
The black bear is almost dead.
The black bear bites you!
* * * LOW HITPOINT WARNING * * *
The black bear claws you.
* * * LOW HITPOINT WARNING * * *
You block the black bear's attack.
You feel very mighty all of a sudden. You block the black bear's attack.
The black bear claws you. The Shining One protects you from harm!
The black bear claws you but does no damage.
The black bear bites you!
You die...

,* #.## ..######
##......#
#.......#
##.......# ###
#........# ..##
##........# ...#
###....[@h..# ...#
##........#...#
...# ##.........#
..#
...####<..##.....#
##
..###...#####....#
..##...## #....#
.....### ##...#
....## #...# ..###
*#..#


You could see a black bear (berserk).

Vanquished Creatures
  Eustachio (D:5)
  A centaur (D:4)
  A kobold brigand (D:4)
  A howler monkey (D:5)
  An iron imp (D:3)
  An orc priest (D:3)
  Jessica (D:2)
  2 orc wizards (D:3)
  2 adders (D:3)
  A white imp (D:4)
  An ufetubus (D:4)
  2 worms (D:2)
  4 orcs
  8 endoplasms
  3 giant cockroaches
  7 goblins
  A hobgoblin (D:1)
  3 jackals (D:1)
  A quokka (D:4)
  6 ball pythons
  6 bats
  A frilled lizard (D:2)
  6 kobolds
  5 rats
66 creatures vanquished.

Notes
Turn   | Place    | Note
-------+----------+-------------------------------------------
     0 | D:1      | Grohoret the Meteoran Fighter began the quest for the Orb.
     0 | D:1      | Reached XP level 1. HP: 19/19 MP: 2/2
    64 | D:1      | Reached XP level 2. HP: 24/26 MP: 3/3
   152 | D:1      | Reached skill level 3 in Maces & Flails
   171 | D:1      | Found a faded altar of an unknown god.
   181 | D:1      | Reached XP level 3. HP: 26/31 MP: 4/4
   408 | D:2      | Noticed Jessica
   415 | D:2      | Killed Jessica
   416 | D:2      | Reached XP level 4. HP: 23/40 MP: 5/5
  1070 | D:2      | Glimpsed the power of Zot.
  1120 | D:2      | Glimpsed the power of Zot.
  1159 | D:2      | Glimpsed the power of Zot.
  1169 | D:2      | Touched by the power of Zot.
  1180 | D:3      | Found Weadihij's Assorted Antiques.
  1206 | D:3      | Found a snail-covered altar of Cheibriados.
  1223 | D:3      | Reached skill level 4 in Maces & Flails
  1223 | D:3      | Reached XP level 5. HP: 6/35 MP: 6/6
  1540 | D:3      | Reached XP level 6. HP: 24/48 MP: 7/7
  1573 | D:3      | Reached skill level 5 in Maces & Flails
  1862 | D:4      | Reached skill level 1 in Dodging
  2157 | D:4      | Noticed a centaur
  2163 | D:4      | Killed a centaur
  2164 | D:4      | Reached skill level 5 in Armour
  2164 | D:4      | Reached XP level 7. HP: 54/60 MP: 8/8
  2316 | D:4      | Found a staircase to the Ecumenical Temple.
  2326 | Temple   | Entered the Ecumenical Temple
  2349 | Temple   | Became a worshipper of the Shining One
  2494 | D:4      | Glimpsed the power of Zot.
  2544 | D:4      | Glimpsed the power of Zot.
  2580 | D:5      | Entered Level 5 of the Dungeon
  2627 | D:5      | Noticed Eustachio
  2650 | D:5      | Killed Eustachio
  2651 | D:5      | Reached skill level 6 in Maces & Flails
  2651 | D:5      | Reached skill level 5 in Shields
  2706 | D:5      | HP: 3/60 [black bear (3)]
  2707 | D:5      | The Shining One protects you from harm!
  2707 | D:5      | Mangled by a black bear

Illustrated notes

Levels and vault maps discovered:
D:1:      saegor_arrival_simple_b, layout_basic,
          dreamdust_ecumenical_altar_grove
D:2:      layout_basic, uniq_jessica
D:3:      layout_loops_ring, slow_altar_1, serial_shops, nicolae_lakefront_shop,
          hangedman_decor_points
D:4:      layout_basic, nicolae_ru_the_path_less_chosen,
          minmay_temple_entry_nine_rooms, grunt_decor_one_mirror,
          minmay_fractal_squares_gapless_5
D:5:      layout_cave_pods, uniq_eustachio, uniq_menkaure
Temple:   nicolae_temple_bog_church

Skill      XL: |  1  2  3  4  5  6  7 |
---------------+----------------------+-----
Maces & Flails | 3 4 5 6 |  6.3
Shields        | 4 5 |  5.1
Armour         | 4 5 |  5.5
Fighting       | 4 |  4.8
Dodging        | 1 |  1.7
Stealth        | |  0.1

Action                   |  1- 3 |  4- 6 |  7- 9 || total
-------------------------+-------+-------+-------++-------
Melee: Flail             |    67 |   130 |    42 ||   239
  Use: Potion            |       |       |     1 ||     1
Armor: Scale mail        |    37 |    69 |    33 ||   139
Dodge: Dodged            |    26 |    26 |    28 ||    80
Block: Buckler           |    21 |    64 |    39 ||   124
       Reflection        |       |     3 |       ||     3
